| TOP OF THE 1ST |
|
Omaha Storm Chasers batting - Pitching for Rochester Red Wings : RHP Carlos Palacios
|
|
Pitching: RHP Carlos Palacios
|
|
|
Batting: RHB Matt Belgard
|
0-0: SINGLE (Groundball, 56D, EV 95.6 MPH)
|
|
Batting: LHB Roman Downey
|
0-0: Called Strike 0-1: Ball 1-1: Swinging Strike 1-2: Ball 2-2: Fielders Choice at 2nd, 1-6 (Groundball, 13, EV 71.9 MPH)
|
|
Batting: RHB Adam Martin
|
0-0: Called Strike 0-1: Ball 1-1: Ball 2-1: Foul Ball, location: 2F 2-2: Foul Ball, location: 2F 2-2: Foul Ball, location: 2F 2-2: Foul Ball, location: 2F 2-2: Ball 3-2: Foul Ball, location: 2F 3-2: Grounds into double play, 4-6-3 (Groundball, 4, EV 82.5 MPH)
|
| Top of the 1st over - 0 runs, 1 hit, 0 errors, 0 left on base; Omaha 0 - Rochester 0 |
| BOTTOM OF THE 1ST |
|
Rochester Red Wings batting - Pitching for Omaha Storm Chasers : RHP Steve Ryals
|
|
Pitching: RHP Steve Ryals
|
|
|
Batting: RHB Yonetoshi Muranaka
|
0-0: Called Strike 0-1: Ball 1-1: Swinging Strike 1-2: Strikes out swinging
|
|
Batting: RHB Josh Zoglmann
|
0-0: Ball 1-0: Foul Ball, location: 2F 1-1: Ground out 3-1 (Groundball, 34, EV 110.6 MPH)
|
|
Batting: SHB Gerardo Flores
|
0-0: Ball 1-0: Called Strike 1-1: Fly out, F9 (Line Drive, 89M, EV 94.4 MPH)
|
| Bottom of the 1st over - 0 runs, 0 hits, 0 errors, 0 left on base; Omaha 0 - Rochester 0 |
| TOP OF THE 2ND |
|
Omaha Storm Chasers batting - Pitching for Rochester Red Wings : RHP Carlos Palacios
|
|
Batting: LHB Pete Hansel
|
0-0: Swinging Strike 0-1: Called Strike 0-2: Ground out U3 (Groundball, 3L, EV 103.1 MPH)
|
|
Batting: LHB Danny Bailey
|
0-0: Called Strike 0-1: Ball 1-1: Ball 2-1: Ground out 5-3 (Groundball, 56, EV 93.8 MPH)
|
|
Batting: RHB Walt Cogswell
|
0-0: Called Strike 0-1: Ground out 1-3 (Groundball, 15S, EV 65.0 MPH)
|
| Top of the 2nd over - 0 runs, 0 hits, 0 errors, 0 left on base; Omaha 0 - Rochester 0 |
| BOTTOM OF THE 2ND |
|
Rochester Red Wings batting - Pitching for Omaha Storm Chasers : RHP Steve Ryals
|
|
Batting: SHB Brian Bagley
|
0-0: Ball 1-0: Ball 2-0: Ball 3-0: Called Strike 3-1: Fly out, F8 (Line Drive, 89M, EV 96.2 MPH)
|
|
Batting: LHB Yat-sen Zhu
|
0-0: Ground out 1-3 (Groundball, 34S, EV 70.0 MPH)
|
|
Batting: LHB Gerardo Flores
|
0-0: Ball 1-0: Ball 2-0: Called Strike 2-1: Ball 3-1: Base on Balls
|
|
Batting: RHB Tony Rivera
|
0-0: Foul Ball, location: 2F 0-1: Called Strike 0-2: Foul Ball, location: 2F 0-2: Ball 1-2: Foul Ball, location: 2F 1-2: Ball 2-2: Strikes out swinging
|
| Bottom of the 2nd over - 0 runs, 0 hits, 0 errors, 1 left on base; Omaha 0 - Rochester 0 |
| TOP OF THE 3RD |
|
Omaha Storm Chasers batting - Pitching for Rochester Red Wings : RHP Carlos Palacios
|
|
Batting: LHB Robby Diaz
|
0-0: Called Strike 0-1: Called Strike 0-2: Strikes out swinging
|
|
Batting: RHB Marco Diaz
|
0-0: Called Strike 0-1: Ball 1-1: Ball 2-1: Foul Ball, location: 2F 2-2: Strikes out swinging
|
|
Batting: RHB Jerry Castillo
|
0-0: Ball 1-0: Called Strike 1-1: Ball 2-1: Foul Ball, location: 2F 2-2: Ball 3-2: Fly out, F7 (Flyball, 7, EV 88.8 MPH)
|
| Top of the 3rd over - 0 runs, 0 hits, 0 errors, 0 left on base; Omaha 0 - Rochester 0 |
| BOTTOM OF THE 3RD |
|
Rochester Red Wings batting - Pitching for Omaha Storm Chasers : RHP Steve Ryals
|
|
Batting: RHB Aaron Trotman
|
0-0: SINGLE (Line Drive, 8LS, EV 99.4 MPH)
|
|
Batting: RHB Bobby Blanchard
|
0-0: Called Strike 0-1: Foul Ball, location: 2F 0-2: Ball 1-2: Strikes out looking
|
|
Batting: RHB Yonetoshi Muranaka
|
0-0: Called Strike 0-1: Ball 1-1: Ball 2-1: Foul Ball, location: 2F 2-2: Ball 3-2: Foul Ball, location: 2F 3-2: Foul Ball, location: 2F 3-2: Base on Balls Aaron Trotman to second
|
|
Batting: RHB Josh Zoglmann
|
0-0: Fly out, F7 (Flyball, 7D, EV 103.8 MPH)
|
|
Batting: SHB Gerardo Flores
|
0-0: Swinging Strike 0-1: Ball 1-1: Ground out U3 (Groundball, 3, EV 81.2 MPH)
|
| Bottom of the 3rd over - 0 runs, 1 hit, 0 errors, 2 left on base; Omaha 0 - Rochester 0 |
| TOP OF THE 4TH |
|
Omaha Storm Chasers batting - Pitching for Rochester Red Wings : RHP Carlos Palacios
|
|
Batting: RHB Matt Belgard
|
0-0: Ball 1-0: Foul Ball, location: 2F 1-1: Ground out 6-3 (Groundball, 6, EV 86.9 MPH)
|
|
Batting: LHB Roman Downey
|
0-0: SINGLE (Line Drive, 89S, EV 93.1 MPH)
|
|
Batting: RHB Adam Martin
|
0-0: Called Strike 0-1: Fielders Choice at 2nd, 2-4 (Groundball, 2L, EV 66.9 MPH)
|
|
Batting: LHB Pete Hansel
|
0-0: Ball 1-0: Ball 2-0: SINGLE (Groundball, 25, EV 64.4 MPH) (infield hit) Adam Martin to second
|
|
Batting: LHB Danny Bailey
|
0-0: Ground out 4-3 (Groundball, 4, EV 77.5 MPH)
|
| Top of the 4th over - 0 runs, 2 hits, 0 errors, 2 left on base; Omaha 0 - Rochester 0 |
| BOTTOM OF THE 4TH |
|
Rochester Red Wings batting - Pitching for Omaha Storm Chasers : RHP Steve Ryals
|
|
Batting: SHB Brian Bagley
|
0-0: Called Strike 0-1: Foul Ball, location: 2F 0-2: Ball 1-2: Foul Ball, location: 2F 1-2: Ball 2-2: Ground out U3 (Groundball, 3L, EV 102.5 MPH)
|
|
Batting: LHB Yat-sen Zhu
|
0-0: Called Strike 0-1: Ball 1-1: Foul Ball, location: 2F 1-2: Ball 2-2: Ball 3-2: Foul Ball, location: 2F 3-2: Base on Balls
|
|
Batting: LHB Gerardo Flores
|
0-0: Ball 1-0: Ball 2-0: 2-RUN HOME RUN (Flyball, 9D, EV 95.0 MPH), Distance : 373 ft
|
|
Batting: RHB Tony Rivera
|
0-0: Called Strike 0-1: Ball 1-1: Ball 2-1: SINGLE (Groundball, 5S, EV 67.5 MPH) (infield hit)
|
|
Batting: RHB Aaron Trotman
|
0-0: Ball 1-0: SINGLE (Groundball, 6MD, EV 95.0 MPH) Tony Rivera to second
|
|
Batting: RHB Bobby Blanchard
|
0-0: Called Strike Tony Rivera steals 3rd base Aaron Trotman to second 0-1: Called Strike 0-2: Strikes out swinging
|
|
Batting: RHB Yonetoshi Muranaka
|
0-0: Called Strike 0-1: Ball 1-1: Ball 2-1: Ball 3-1: Base on Balls
|
|
Batting: RHB Josh Zoglmann
|
0-0: Foul Ball, location: 2F 0-1: Ball 1-1: Foul Ball, location: 2F 1-2: Ball 2-2: Strikes out looking
|
| Bottom of the 4th over - 2 runs, 3 hits, 0 errors, 3 left on base; Omaha 0 - Rochester 2 |
| TOP OF THE 5TH |
|
Omaha Storm Chasers batting - Pitching for Rochester Red Wings : RHP Carlos Palacios
|
|
Batting: RHB Walt Cogswell
|
0-0: Ball 1-0: Swinging Strike 1-1: Ground out 4-3 (Groundball, 4, EV 90.0 MPH)
|
|
Batting: LHB Robby Diaz
|
0-0: Called Strike 0-1: Foul Ball, location: 2F 0-2: Foul Ball, location: 2F 0-2: Strikes out looking
|
|
Batting: RHB Marco Diaz
|
0-0: Ball 1-0: Called Strike 1-1: Swinging Strike 1-2: Ball 2-2: Foul Ball, location: 2F 2-2: Strikes out swinging
|
| Top of the 5th over - 0 runs, 0 hits, 0 errors, 0 left on base; Omaha 0 - Rochester 2 |
| BOTTOM OF THE 5TH |
|
Rochester Red Wings batting - Pitching for Omaha Storm Chasers : RHP Steve Ryals
|
|
Pitching: RHP Jarred Young
|
|
|
Batting: SHB Gerardo Flores
|
0-0: Ball 1-0: Fly out, F9 (Flyball, 9D, EV 83.1 MPH)
|
|
Batting: SHB Brian Bagley
|
0-0: Called Strike 0-1: Ball 1-1: Called Strike 1-2: Strikes out swinging
|
|
Batting: LHB Yat-sen Zhu
|
0-0: Ball 1-0: Foul Ball, location: 2F 1-1: Ball 2-1: Swinging Strike 2-2: DOUBLE (Line Drive, 89M, EV 90.6 MPH)
|
|
Batting: LHB Gerardo Flores
|
0-0: Ball Yat-sen Zhu steals 3rd base 1-0: Ground out 6-3 (Groundball, 6M, EV 89.4 MPH)
|
| Bottom of the 5th over - 0 runs, 1 hit, 0 errors, 1 left on base; Omaha 0 - Rochester 2 |
| TOP OF THE 6TH |
|
Omaha Storm Chasers batting - Pitching for Rochester Red Wings : RHP Carlos Palacios
|
|
Batting: RHB Jerry Castillo
|
0-0: Ball 1-0: Ball 2-0: Ball 3-0: Called Strike 3-1: Foul Ball, location: 2F 3-2: Base on Balls
|
|
Batting: RHB Matt Belgard
|
0-0: Ball 1-0: Ball 2-0: Ball 3-0: Base on Balls Jerry Castillo to second
|
|
Pinch Runner at 2nd Aaron Moore:
|
|
|
Batting: LHB Roman Downey
|
0-0: Ball 1-0: Ball 2-0: Grounds into double play, U6-3 (Groundball, 4M, EV 85.6 MPH) Aaron Moore to third
|
|
Batting: RHB Adam Martin
|
0-0: Called Strike 0-1: Fly out, F8 (Flyball, 8RM, EV 80.6 MPH)
|
| Top of the 6th over - 0 runs, 0 hits, 0 errors, 1 left on base; Omaha 0 - Rochester 2 |
| BOTTOM OF THE 6TH |
|
Rochester Red Wings batting - Pitching for Omaha Storm Chasers : RHP Jarred Young
|
|
Now at 2B: Aaron Moore
|
|
|
Batting: RHB Tony Rivera
|
0-0: Called Strike 0-1: Ball 1-1: Ball 2-1: Foul Ball, location: 2F 2-2: Fly out, F7 (Line Drive, 78M, EV 102.5 MPH)
|
|
Batting: RHB Aaron Trotman
|
0-0: Foul Ball, location: 2F 0-1: Fly out, F7 (Flyball, 78M, EV 85.0 MPH)
|
|
Batting: RHB Bobby Blanchard
|
0-0: Called Strike 0-1: Ball 1-1: Fly out, F7 (Flyball, 78S, EV 88.1 MPH)
|
| Bottom of the 6th over - 0 runs, 0 hits, 0 errors, 0 left on base; Omaha 0 - Rochester 2 |
| TOP OF THE 7TH |
|
Omaha Storm Chasers batting - Pitching for Rochester Red Wings : RHP Carlos Palacios
|
|
Batting: LHB Pete Hansel
|
0-0: Swinging Strike 0-1: Swinging Strike 0-2: SINGLE (Line Drive, 4M, EV 106.9 MPH)
|
|
Batting: LHB Danny Bailey
|
0-0: Ball 1-0: Ball 2-0: Called Strike 2-1: Ball 3-1: SINGLE (Line Drive, 9S, EV 93.8 MPH) Pete Hansel to second Runner from 2nd tries for 3rd, SAFE, no throw by RF
|
|
Batting: RHB Walt Cogswell
|
0-0: Ball Danny Bailey is caught stealing 2nd base 2-4 1-0: DOUBLE (Line Drive, 7LM, EV 111.9 MPH) Pete Hansel scores
|
|
Batting: LHB Robby Diaz
|
0-0: Called Strike 0-1: Ball 1-1: Ball 2-1: Called Strike 2-2: Strikes out swinging
|
|
Batting: RHB Marco Diaz
|
0-0: Swinging Strike 0-1: Fly out, F9 (Flyball, 9, EV 93.1 MPH)
|
| Top of the 7th over - 1 run, 3 hits, 0 errors, 1 left on base; Omaha 1 - Rochester 2 |
| BOTTOM OF THE 7TH |
|
Rochester Red Wings batting - Pitching for Omaha Storm Chasers : RHP Jarred Young
|
|
Batting: RHB Yonetoshi Muranaka
|
0-0: Ball 1-0: Fly out, F8 (Flyball, 89S, EV 75.6 MPH)
|
|
Batting: RHB Josh Zoglmann
|
0-0: Ball 1-0: Ball 2-0: Called Strike 2-1: Foul Ball, location: 2F 2-2: Strikes out swinging
|
|
Batting: SHB Gerardo Flores
|
0-0: Ball 1-0: Ball 2-0: Ball 3-0: Base on Balls
|
|
Batting: SHB Brian Bagley
|
0-0: Foul Ball, location: 2F 0-1: Called Strike 0-2: Strikes out swinging
|
| Bottom of the 7th over - 0 runs, 0 hits, 0 errors, 1 left on base; Omaha 1 - Rochester 2 |
| TOP OF THE 8TH |
|
Omaha Storm Chasers batting - Pitching for Rochester Red Wings : RHP Carlos Palacios
|
|
Batting: RHB Aaron Moore
|
0-0: Ball 1-0: Called Strike 1-1: Fly out, F7 (Flyball, 7D, EV 86.2 MPH)
|
|
Batting: RHB Matt Belgard
|
0-0: Swinging Strike 0-1: Ball 1-1: Foul Ball, location: 2F 1-2: Ball 2-2: Ball 3-2: SINGLE (Groundball, 4MD, EV 97.5 MPH) (infield hit)
|
|
Pitching: LHP Brett Grijalva
|
|
|
Batting: LHB Roman Downey
|
0-0: Ball 1-0: Ball 2-0: Ball 3-0: Base on Balls Matt Belgard to second
|
|
Batting: RHB Adam Martin
|
0-0: Foul Ball, location: 2F 0-1: Called Strike 0-2: SINGLE (Line Drive, 3D, EV 94.4 MPH) Matt Belgard to third Roman Downey to second Runner from 3rd tries for Home, throw by RF and OUT! 9-2
|
|
Pinch Runner at 2nd John Wagner:
|
|
|
Batting: RHB Taisei Fujii
|
0-0: Ball 1-0: Ball 2-0: Foul Ball, location: 2F 2-1: Called Strike 2-2: Foul Ball, location: 2F 2-2: Ball 3-2: Foul Ball, location: 2F 3-2: SINGLE (Line Drive, 8RS, EV 94.4 MPH) John Wagner to third Adam Martin to second John Wagner scores Adam Martin to third
|
|
Pinch Hitting: SHB Jared O'Connor
|
0-0: Called Strike 0-1: Ball 1-1: Ball 2-1: Fly out, F9 (Flyball, 9S, EV 82.5 MPH)
|
| Top of the 8th over - 1 run, 3 hits, 0 errors, 2 left on base; Omaha 2 - Rochester 2 |
| BOTTOM OF THE 8TH |
|
Rochester Red Wings batting - Pitching for Omaha Storm Chasers : RHP Jarred Young
|
|
Pitching: RHP Tom Jensen
|
|
|
Now in LF: Jarrod Lindblad
|
|
|
Now in CF: John Wagner
|
|
|
Batting: LHB Yat-sen Zhu
|
0-0: Called Strike 0-1: Ball 1-1: Fly out, F9 (Flyball, 9D, EV 88.1 MPH)
|
|
Batting: LHB Gerardo Flores
|
0-0: Called Strike 0-1: Fly out, F9 (Flyball, 89M, EV 88.8 MPH)
|
|
Batting: RHB Tony Rivera
|
0-0: Ground out 5-3 (Groundball, 56S, EV 66.9 MPH)
|
| Bottom of the 8th over - 0 runs, 0 hits, 0 errors, 0 left on base; Omaha 2 - Rochester 2 |
| TOP OF THE 9TH |
|
Omaha Storm Chasers batting - Pitching for Rochester Red Wings : LHP Brett Grijalva
|
|
Batting: RHB Walt Cogswell
|
0-0: Ball 1-0: Ball 2-0: Foul Ball, location: 2F 2-1: Ball 3-1: Fly out, F7 (Line Drive, 78M, EV 107.5 MPH)
|
|
Batting: LHB Robby Diaz
|
0-0: Called Strike 0-1: Ball 1-1: Ball 2-1: Fly out, F3 (Line Drive, 3L, EV 66.2 MPH)
|
|
Batting: RHB Marco Diaz
|
0-0: Ball 1-0: Foul Ball, location: 2F 1-1: Ground out 1-3 (Groundball, 13S, EV 62.5 MPH)
|
| Top of the 9th over - 0 runs, 0 hits, 0 errors, 0 left on base; Omaha 2 - Rochester 2 |
| BOTTOM OF THE 9TH |
|
Rochester Red Wings batting - Pitching for Omaha Storm Chasers : RHP Tom Jensen
|
|
Batting: RHB Aaron Trotman
|
0-0: Ball 1-0: Fly out, F7 (Line Drive, 78M, EV 95.6 MPH)
|
|
Pinch Hitting: RHB Jimmy Buzard
|
0-0: Swinging Strike 0-1: Called Strike 0-2: Strikes out swinging, 2-3 out at first.
|
|
Batting: RHB Yonetoshi Muranaka
|
0-0: Ball 1-0: Ball 2-0: Ball 3-0: Called Strike 3-1: Called Strike 3-2: Base on Balls
|
|
Batting: RHB Josh Zoglmann
|
0-0: Called Strike Yonetoshi Muranaka steals 2nd base 0-1: Swinging Strike 0-2: Foul Ball, location: 2F 0-2: Foul Ball, location: 2F 0-2: Foul Ball, location: 2F 0-2: Ball 1-2: Ball 2-2: Fly out, F9 (Flyball, 9LD, EV 93.8 MPH)
|
| Bottom of the 9th over - 0 runs, 0 hits, 0 errors, 1 left on base; Omaha 2 - Rochester 2 |
| TOP OF THE 10TH |
|
Omaha Storm Chasers batting - Pitching for Rochester Red Wings : LHP Brett Grijalva
|
|
Pitching: LHP Travis Stichter
|
|
|
Now at C: Marcel Koens
|
|
|
Batting: RHB Aaron Moore
|
0-0: Ball 1-0: Called Strike 1-1: Foul Ball, location: 2F 1-2: Ball 2-2: Ball 3-2: Base on Balls
|
|
Batting: RHB Matt Belgard
|
0-0: Ball 1-0: Bunt missed! 1-1: Ball 2-1: Bunt missed! 2-2: SINGLE (Groundball, 6M, EV 110.0 MPH) (infield hit) Aaron Moore to second
|
|
Batting: LHB John Wagner
|
0-0: Swinging Strike 0-1: Fielders Choice at 2nd, 6-4 (Groundball, 6, EV 85.6 MPH) Aaron Moore to third
|
|
Batting: RHB Adam Martin
|
0-0: Foul Ball, location: 2F 0-1: Foul Ball, location: 2F 0-2: Ball 1-2: Ground out 4-3 (Groundball, 34S, EV 86.2 MPH) Aaron Moore scores John Wagner to second
|
|
Batting: RHB Taisei Fujii
|
0-0: Ground out 6-3 (Groundball, 6M, EV 101.2 MPH)
|
| Top of the 10th over - 1 run, 1 hit, 0 errors, 1 left on base; Omaha 3 - Rochester 2 |
| BOTTOM OF THE 10TH |
|
Rochester Red Wings batting - Pitching for Omaha Storm Chasers : RHP Tom Jensen
|
|
Batting: SHB Gerardo Flores
|
0-0: Called Strike 0-1: SINGLE (Flyball, 78S, EV 97.5 MPH)
|
|
Batting: SHB Brian Bagley
|
0-0: Ball 1-0: Ball 2-0: Grounds into double play, 4-6-3 (Groundball, 4, EV 100.6 MPH)
|
|
Batting: LHB Yat-sen Zhu
|
0-0: Ball 1-0: Ball 2-0: Called Strike 2-1: SINGLE (Groundball, 5D, EV 98.1 MPH)
|
|
Batting: LHB Gerardo Flores
|
0-0: Ball 1-0: Foul Ball, location: 2F 1-1: Fly out, F5 (Line Drive, 5, EV 72.5 MPH)
|
| Bottom of the 10th over - 0 runs, 2 hits, 0 errors, 1 left on base; Omaha 3 - Rochester 2 |
|